Unix NetHack Version 5.0.0-0 post-release - last build May  4 2026 22:22:43 (774f63e81ad911689b3a0859ea89b322d5daca8d,branch:main).

Game began 2026-05-08 04:22:58, ended 2026-05-08 05:32:11.

01245990302, lawful male dwarven Caveman

 ------------
 |.[........*##
 |........... ##
 |..........|############
 |......%...|#  # ------.--
 --------.---#  ##|.>{....|
      ##?#######*#.........
      #          #|.....q.|
      #          #....r@q.|
      #           ---------
     ##
 ----.----+--
 |.....<....|
 |..........|
 |..........|
 |.......?..|
 ------------

01245990302 the Aborigine  St:13 Dx:13 Co:19 In:9 Wi:10 Ch:8  Lawful
Dlvl:4  $:40 HP:0(61) Pw:11(11) AC:10 Xp:5 T:4085 

Latest messages:
 The large kobold hits!
 You kill the large kobold!
 You turn into a werejackal!
 Use the command #monster to summon help.
 d - a fortune cookie.
 You see here a food ration.
 q - a food ration (4 in total).
 You see here 7 rocks.
 You miss the rock mole.
 You miss the rock mole.
 You miss the rock mole.
 You miss the rock mole.
 You miss the rock mole.
 You miss the rock mole.
 The rothe hits!
 The rothe bites!
 The rothe bites again!
 You miss the rothe.
 The rothe just misses!
 The rothe bites!
 The rothe bites again!
 You return to dwarven form!
 The rock mole bites!
 You hit the rothe.
 The rothe hits!
 The rothe bites!
 The rothe bites again!
 The rock mole bites!
 You miss the rothe.
 You hit the rothe.
 The rothe hits!
 The rothe bites!
 The rothe bites again!
 You hit the rothe.
 The rothe hits!
 The rothe bites!
 The rothe bites again!
 You miss the rothe.
 The rothe hits!
 The rothe bites!
 The rothe bites again!
 The rothe hits!
 The rothe bites!
 The rothe bites again!
 You die...
 Do you want your possessions identified? [ynq] (y) y
 Do you want to see your attributes? [ynq] (y) y
 Do you want an account of creatures vanquished? [ynaq] (y) y
 Do you want to see your conduct and achievements? [ynq] (y) y
 Do you want to see the dungeon overview? [ynq] (y) y

Inventory:
 Coins    ('$')
  $ - 40 gold pieces
 Weapons  (')')
  f - 8 +0 arrows
  g - 7 cursed +0 darts
 Comestibles  ('%')
  q - 4 uncursed food rations
  d - an uncursed fortune cookie
 Gems/Stones  ('*')
  a - an uncursed worthless piece of green glass
  h - a cursed worthless piece of orange glass

01245990302 the Caveman's attributes:

Background:
 You were an Aborigine, a level 5 dwarven Caveman.
 You were lawful, nominally on a mission for Anu
 who was opposed by Ishtar (neutral) and Anshar (chaotic).
 You were right-handed.
 You were in the Dungeons of Doom, on level 4.
 You entered the dungeon 4085 turns ago.
 It was nighttime.
 You had 190 experience points, 130 more were needed to attain level 6.

Basics:
 You had 0 out of 61 hit points.
 You had all 11 energy points (spell power).
 Your armor class was 10.
 Your wallet contained 40 zorkmids.
 Autopickup was off.

Final Characteristics:
 Your strength was 13 (peak:16, limit:18/100).
 Your dexterity was 13 (limit:20).
 Your constitution was 19 (limit:20).
 Your intelligence was 9 (limit:16).
 Your wisdom was 10 (limit:16).
 Your charisma was 8 (limit:16).

Final Status:
 You weren't hungry.
 You were unencumbered.
 You were bare handed.
 You had basic skill with bare handed combat.
 You weren't wearing any armor.

Final Attributes:
 You were piously aligned.
 You were level-drain resistant.
 You saw invisible.
 You had infravision.
 You were a werejackal.
 You were harmed by silver.
 You are dead.

Miscellaneous:
 You didn't encounter any bones levels.
 Total elapsed playing time was 54 minutes and 37 seconds.

Major events:
 Turn
    1: 01245990302 the lawful dwarven Caveman entered the dungeon
 1408: attained the rank of Aborigine (level 3)
 4085: killed by a rothe

You didn't know any spells.

Skills:
 Fighting Skills
   bare handed combat [Basic]
 Weapon Skills
   dagger             [Unskilled]
   knife              [Unskilled]
   axe                [Unskilled]
   pick-axe           [Unskilled]
   club               [Basic]
   mace               [Unskilled]
   morning star       [Unskilled]
   flail              [Unskilled]
   hammer             [Unskilled]
   quarterstaff       [Unskilled]
   polearms           [Unskilled]
   spear              [Unskilled]
   trident            [Unskilled]
   bow                [Unskilled]
   sling              [Basic]
   boomerang          [Unskilled]
   unicorn horn       [Unskilled]
 Spellcasting Skills
   attack spells      [Unskilled]
   matter spells      [Unskilled]

Voluntary challenges:
 Character rerolling was not enabled.
 You were an atheist.
 You never genocided any monsters.
 You never polymorphed an object.
 You used no wishes.
Achievements:
 You attained the rank of Aborigine.
 You entered a shop.

 The Dungeons of Doom: levels 1 to 4
    Level 1:
    Level 2:
       A food shop.
    Level 3:
       A vegetarian food shop.
    Level 4: <- You were here.
       A fountain.
       Final resting place for
          you, killed by a rothe.


Vanquished creatures:
  a paper golem
  a homunculus
  2 giant bats
  2 dwarf zombies
  a wererat
  a werejackal
 an acid blob
  a large kobold
  3 giant rats
  3 cave spiders
  a green mold
  a red mold
  a gnome zombie
  2 geckos
  8 jackals
  3 foxes
  3 kobolds
  5 goblins
  3 sewer rats
  8 grid bugs
  6 lichens
  a kobold zombie
  5 newts
63 creatures vanquished.

No species were genocided or became extinct.

Game over:
                       ----------
                      /          \
                     /    REST    \
                    /      IN      \
                   /     PEACE      \
                  /                  \
                  |   01245990302    |
                  |      40 Au       |
                  |   killed by a    |
                  |      rothe       |
                  |                  |
                  |                  |
                  |       2026       |
                 *|     *  *  *      | *
        _________)/\\_//(\/(/\)/\//\/|_)_______

Goodbye 01245990302 the Caveman...

You died in The Dungeons of Doom on dungeon level 4 with 956 points,
and 40 pieces of gold, after 4085 moves.
You were level 5 with a maximum of 61 hit points when you died.

